 Dungeon Crawl Stone Soup version 0.17-a0-1685-g57e755e (webtiles) character file.

14634 kobby the Basher (level 12, -8/94 HPs)
             Began as a Human Hunter on Aug 19, 2015.
             Was a High Priest of Qazlal.
             Killed from afar by a fire drake (19 damage)
             ... with a blast of flame
             ... on level 3 of the Lair of Beasts.
             The game lasted 01:14:38 (14558 turns).

kobby the Basher (Human Hunter)                    Turns: 14558, Time: 01:14:38

Health: -8/94      AC: 28    Str: 15    XL:     12   Next: 47%
Magic:  14/14      EV: 10    Int: 13    God:    Qazlal [*****.]
Gold:   1870       SH: 17    Dex: 20    Spells: 1 memorised, 9 levels left

rFire  . . .     SeeInvis .     t - +2 flail (protect)
rCold  + . .     Clarity  .     H - +2 chain mail {rC+}
rNeg   . . .     SustAt   .     j - +0 shield
rPois  .         Gourm    .     c - +1 helmet
rElec  .         Spirit   .     A - +2 cloak {MR+}
rCorr  .         Warding  .     (no gloves)
rMut   .         Stasis   .     m - +0 pair of boots
MR     +....                    r - amulet of rage
Stlth  ..........               v - ring of stealth
                                p - +5 ring of dexterity

@: exhausted, protected from physical damage, very slightly contaminated, hasted
and slowed, repel missiles, somewhat resistant to hostile enchantments,
extremely unstealthy
A: no striking features
a: Upheaval, Elemental Force, Disaster Area, Renounce Religion, Evoke Berserk
Rage


You were on level 3 of the Lair of Beasts.
You worshipped Qazlal.
Qazlal was extremely pleased with you.
You were not hungry.

You visited 3 branches of the dungeon, and saw 14 of its levels.
You also visited: Ossuary and Bailey.

You collected 1870 gold pieces.

Inventory:

Hand weapons
 n - the +7 hand crossbow "Ysush" {elec, Str+3 Stlth+}
   (You took it off a kobold in a bailey)

   It charges the ammunition it shoots with electricity; occasionally upon a
   hit, such missiles may discharge and cause terrible harm.
   It affects your strength (+3).
   It makes you more stealthy.
 t - a +2 flail of protection (weapon)
 P - a +2 falchion of flaming
Missiles
 a - 14 bolts
 z - 14 arrows
Armour
 c - a +1 helmet (worn)
 j - a +0 shield (worn)
 m - a +0 pair of boots (worn)
 A - a +2 cloak of magic resistance (worn)
 H - a +2 chain mail of cold resistance (worn)
Jewellery
 f - an uncursed ring of positive energy
 o - an uncursed amulet of clarity
 p - a +5 ring of dexterity (left hand)
 r - an amulet of rage (around neck)
 v - a ring of stealth (right hand)
Magical devices
 q - a wand of digging (11)
 I - a wand of disintegration (6)
 L - a wand of draining (10)
 N - a wand of confusion (24)
Scrolls
 i - 7 scrolls of remove curse
 s - 2 scrolls of fear
 w - 9 scrolls of teleportation
 G - a scroll of enchant weapon
 Y - a scroll of identify
Potions
 b - a potion of poison {unknown}
 g - 2 potions of ambrosia
 k - a potion of degeneration {unknown}
 l - a potion of berserk rage {unknown}
 u - 2 potions of might
 U - 3 potions of flight
 V - 3 potions of magic {unknown}
Books
 y - a book of Callings

   Spells                             Type                      Level
   a - Summon Small Mammal            Summoning                    1
   b - Call Imp                       Summoning                    2
   c - Call Canine Familiar           Summoning                    3
   d - Summon Guardian Golem          Hexes/Summoning              3
   e - Summon Lightning Spire         Summoning/Air                4
   f - Summon Ice Beast               Ice/Summoning                4
 B - a book of Air

   Spells                             Type                      Level
   a - Shock                          Conjuration/Air              1
   b - Swiftness                      Charms/Air                   2
   c - Repel Missiles                 Charms/Air                   2
   d - Static Discharge               Conjuration/Air              3
   e - Lightning Bolt                 Conjuration/Air              5
 C - a book of Debilitation

   Spells                             Type                      Level
   a - Corona                         Hexes                        1
   b - Slow                           Hexes                        2
   c - Gell's Gravitas                Hexes/Translocation          3
   d - Inner Flame                    Hexes/Fire                   3
   e - Cause Fear                     Hexes                        4
   f - Leda's Liquefaction            Hexes/Earth                  4
 M - a Fen Folio

   Spells                             Type                      Level
   a - Corpse Rot                     Necromancy                   2
   b - Stone Arrow                    Conjuration/Earth            3
   c - Leda's Liquefaction            Hexes/Earth                  4
   d - Summon Forest                  Summoning/Translocation      5
   e - Hydra Form                     Transmutation                6
   f - Summon Hydra                   Summoning                    7
Miscellaneous
 T - a phantom mirror
Comestibles
 e - 10 bread rations
 R - 2 slices of pizza
 S - 4 meat rations


   Skills:
 + Level 8.4 Fighting
 + Level 2.6 Long Blades
 + Level 9.5 Maces & Flails
   Level 5.9 Bows
 + Level 1.3 Crossbows
 + Level 8.2 Armour
 + Level 7.7 Dodging
 + Level 1.2 Stealth
 + Level 7.6 Shields
 + Level 3.1 Evocations


You had 9 spell levels left.
You knew the following spells:

 Your Spells              Type           Power        Failure   Level  Hunger
a - Call Imp              Summ           #.......     100%        2    ###....


Dungeon Overview and Level Annotations

Branches:
Dungeon (10/15)            Temple (1/1) D:5            Lair (3/8) D:10
  Swamp: Lair:3-6    Shoals: Lair:3-6     Snake: Lair:3-6    Spider: Lair:3-6
    Orc: D:9-12

Altars:
Ashenzari
Cheibriados
Dithmenos
Elyvilon
Fedhas
Gozag
Kikubaaqudgha
Makhleb
Nemelex Xobeh
Okawaru
Qazlal
Ru
Sif Muna
Trog
Vehumet
Xom
Yredelemnul
Zin
The Shining One


Message History

You are too berserk!
You feel a strong urge to attack something.
The komodo dragon is engulfed in roaring flames.
You kill the komodo dragon!
Qazlal accepts your kill.
You feel your anger subside.
You are no longer berserk.
You are exhausted.
You feel yourself slow down.
Drink which item? (? for menu, Esc to quit)
You feel yourself speed up.
You feel sick. The fire drake breathes flames at you.
The blast of flame hits you!
* * * LOW HITPOINT WARNING * * *
You are very lightly contaminated with residual magic.
Drink which item? (? for menu, Esc to quit)
You feel better. The fire drake breathes flames at you.
The blast of flame hits you!
You die...

.....♣r♣..
.#..#...r.# #
. .....§§..
.# #P
#.#..††# ..#
#.
#..###r#..#
#. #..§.....#
#..##.....r##
#...##k§####
#P.§.@..#
###..#### ###


You could see a fire drake and 2 river rats.

Vanquished Creatures
  2 hydras
  A hill giant (D:9)
  The ghost of Liatris the Ducker, an experienced DsGl (D:7)
  A cyclops (D:10)
  Maurice (D:8)
  3 spiny frogs
  A gargoyle (D:10)
  5 komodo dragons
  Sigmund (D:4)
  8 yaks
  2 hippogriffs (Lair:1)
  Edmund (D:8)
  2 porcupines
  5 wolves (Lair:2)
  A sky beast (D:6)
  3 water moccasins
  10 orc warriors
  A necrophage (D:9)
  2 ice beasts
  6 centaurs
  A phantom (D:8)
  5 crocodiles
  4 big kobolds (D:9)
  2 ogres (D:6)
  Blork the orc (D:4)
  A gnoll sergeant (D:7)
  6 giant frogs
  7 scorpions
  12 wights
  A crimson imp (D:5)
  A centaur zombie (D:7)
  2 hounds
  4 jellies
  A quasit (D:8)
  6 orc priests
  2 giant frog zombies
  10 orc wizards
  Crazy Yiuf (D:4)
  Jessica (D:3)
  2 giant frog skeletons (D:10)
  8 worker ants
  5 iguanas
  5 sheep
  2 hound zombies
  8 mummies (Ossuary)
  18 gnolls
  7 adders
  28 river rats
  2 shadow imps
  5 oozes
  2 adder zombies
  An adder skeleton (D:9)
  3 worms
  7 giant geckos
  48 orcs
  5 ball pythons
  8 bats
  12 giant cockroaches
  3 gnoll zombies (Ossuary)
  7 goblins
  11 hobgoblins
  8 jackals
  31 kobolds
  4 quokkas
  3 giant gecko skeletons
  5 giant newts
  2 hobgoblin zombies (Ossuary)
  A kobold zombie (Ossuary)
  2 orc zombies (Ossuary)
  8 rats
  8 plants
394 creatures vanquished.

Vanquished Creatures (others)
  A river rat (Lair:3)
  2 fungi (Lair:1)
  2 plants
5 creatures vanquished.

Grand Total: 399 creatures vanquished

Notes
Turn   | Place    | Note
--------------------------------------------------------------
     0 | D:1      | kobby the Human Hunter began the quest for the Orb.
     0 | D:1      | Reached XP level 1. HP: 16/16 MP: 1/1
   227 | D:1      | Reached XP level 2. HP: 20/22 MP: 2/2
   524 | D:1      | Reached XP level 3. HP: 25/27 MP: 3/3
   963 | D:2      | Reached skill level 1 in Maces & Flails
  1386 | D:2      | Reached XP level 4. HP: 29/33 MP: 4/4
  1458 | D:2      | Reached skill level 1 in Armour
  1682 | D:3      | Noticed Jessica
  1723 | D:3      | Killed Jessica
  1723 | D:3      | Reached XP level 5. HP: 37/39 MP: 5/5
  1879 | D:3      | Reached skill level 5 in Bows
  2295 | D:3      | Reached XP level 6. HP: 9/46 MP: 6/6
  2871 | D:4      | Noticed Sigmund
  2883 | D:4      | Killed Sigmund
  2883 | D:4      | Reached XP level 7. HP: 52/52 MP: 7/7
  3488 | D:4      | Noticed Blork the orc
  3498 | D:4      | Killed Blork the orc
  3583 | D:4      | Reached XP level 8. HP: 60/60 MP: 8/8
  4088 | D:4      | Noticed Crazy Yiuf
  4097 | D:4      | Killed Crazy Yiuf
  4163 | D:5      | Entered Level 5 of the Dungeon
  4300 | D:5      | Reached skill level 1 in Evocations
  4388 | D:5      | Found a sand-covered staircase.
  4391 | D:5      | Found a staircase to the Ecumenical Temple.
  4507 | D:5      | Reached skill level 5 in Maces & Flails
  4653 | Ossuary  | Entered an ossuary
  5528 | D:5      | Found an opulent altar of Gozag.
  5630 | Temple   | Entered the Ecumenical Temple
  5695 | Temple   | Became a worshipper of Qazlal Stormbringer
  5957 | D:5      | Reached skill level 5 in Fighting
  6081 | D:6      | Reached XP level 9. HP: 66/68 MP: 9/9
  6414 | D:6      | Reached skill level 5 in Armour
  6533 | D:6      | Reached skill level 6 in Maces & Flails
  7397 | D:7      | Reached skill level 5 in Dodging
  7595 | D:7      | Found a flagged portal.
  7606 | D:7      | Acquired Qazlal's first power
  7607 | D:7      | Noticed Liatris's ghost (experienced DsGl)
  7653 | D:7      | Killed Liatris's ghost
  7653 | D:7      | Reached skill level 7 in Maces & Flails
  7700 | Bailey   | Entered a bailey
  7767 | Bailey   | Reached XP level 10. HP: 77/77 MP: 11/11
  7898 | Bailey   | Acquired Qazlal's second power
  7906 | Bailey   | Got a fine hand crossbow
  8156 | Bailey   | Identified the +7 hand crossbow "Ysush" {elec, Str+3 Stlth+} (You took it off a kobold in a bailey)
  8474 | D:8      | Noticed Edmund
  8569 | D:8      | Killed Edmund
  8962 | D:8      | Reached skill level 8 in Maces & Flails
  9179 | D:8      | Noticed Maurice
  9199 | D:8      | Killed Maurice
  9199 | D:8      | Reached skill level 1 in Shields
  9971 | D:9      | Acquired Qazlal's third power
 10273 | D:9      | Noticed a hill giant
 10282 | D:9      | Killed a hill giant
 10282 | D:9      | Reached XP level 11. HP: 84/84 MP: 12/12
 10696 | D:9      | Found an iron altar of Okawaru.
 10696 | D:9      | Found a bloodstained altar of Trog.
 10696 | D:9      | Found a white marble altar of Elyvilon.
 10959 | D:9      | Noticed a three-headed hydra
 10990 | D:9      | Killed a three-headed hydra
 11028 | D:9      | Reached skill level 9 in Maces & Flails
 11845 | D:9      | Reached skill level 5 in Shields
 11857 | D:10     | Entered Level 10 of the Dungeon
 11931 | D:10     | Acquired Qazlal's fourth power
 12159 | D:10     | Noticed a cyclops
 12170 | D:10     | Killed a cyclops
 12170 | D:10     | Reached skill level 1 in Long Blades
 12594 | D:10     | Found a staircase to the Lair.
 12775 | D:10     | Learned a level 2 spell: Call Imp
 12953 | Lair:1   | Entered Level 1 of the Lair of Beasts
 13008 | Lair:1   | Noticed a seven-headed hydra
 13018 | Lair:1   | Killed a one-headed hydra
 13654 | Lair:2   | Reached XP level 12. HP: 58/92 MP: 14/14
 14244 | Lair:2   | Reached skill level 1 in Crossbows
 14340 | Lair:2   | Acquired Qazlal's fifth power
 14518 | Lair:2   | You fall through a shaft!
 14557 | Lair:3   | HP: 1/94 [fire drake/blast of flame (7)]
 14558 | Lair:3   | Killed from afar by a fire drake

Vault maps used:
D:1:      saegor_arrival_simple_a, grunt_decor_clamped, minivault_25
D:2:      serial_bayou_lagoon_a
D:3:      grunt_decor_one_mirror, uniq_jessica
D:4:      serial_forest, infiniplex_forest_corner_1,
          infiniplex_forest_lined_room_, infiniplex_forest_clump_tiny,
          infiniplex_forest_straight_2, infiniplex_forest_straight_4,
          uniq_crazy_yiuf_cottage, uniq_blork_the_orc, uniq_sigmund
D:5:      minmay_temple_entry_glass, first_bread, nicolae_ossuary_entry_ruins,
          hex_medium, nicolae_gozag_seed_capital
D:6:      uniq_edmund
D:7:      enter_bailey_2
D:8:      uniq_maurice
D:9:      gammafunk_temple_overflow_claw, hangedman_ranch
D:10:     david_lair_shrubbed, grunt_ministairs_1
Temple:   nicolae_temple_x_marks_the_god_16
Lair:1:   beast_lair_carwin_11, infiniplex_staircase_pool_2,
          serial_bayou_shore_a
Lair:2:   nicolae_quartered_pool_little
Lair:3:   guppyfry_snake_entry_island, lemuel_fruit_fields, lemuel_fruit_fields,
          grunt_megastairs_2
Ossuary:  ossuary_tomb_3
Bailey:   bailey_axe_1, bailey

Action                   |  1- 3 |  4- 6 |  7- 9 | 10-12 || total
-------------------------+-------+-------+-------+-------++-------
Melee: Short sword       |    16 |       |       |       ||    16
       Mace              |    86 |   147 |   543 |   161 ||   937
       Flail             |       |       |       |   514 ||   514
       Falchion          |       |       |       |   171 ||   171
 Fire: Shortbow          |    49 |     9 |    40 |     7 ||   105
       Hand crossbow     |       |       |       |    23 ||    23
 Abil: Evoke Berserk Rag |       |     3 |    13 |    18 ||    34
Evoke: Wand              |       |       |       |     2 ||     2
  Use: Scroll            |     4 |       |     6 |    15 ||    25
       Potion            |       |     1 |    12 |     7 ||    20
  Eat: Pizza             |     1 |       |     2 |     4 ||     7
       Meat ration       |       |     1 |     4 |     1 ||     6
       Beef jerky        |       |     1 |     2 |       ||     3
       Fruit             |       |     1 |       |    15 ||    16
       Bread ration      |       |       |     1 |     2 ||     3
